AoeStats
← Bioshock

Arena

509492523Analyzed
4v4 RM · 6d ago on Sep 27, 2026· 46m 52s· 8 players
Game mode
Random Map
Map size
Large (8 player)
Population
200
Speed
Normal
Resources
Standard
Victory
Conquest
Starting age
Dark Age
Ending age
Imperial Age
RankedLock teamsTeams togetherTeam positionsShared explorationLock speedFull tech treeHidden civsTurbo modeCheats
Victory
Defeat
🇺🇸 Bohemians · United States
1187
+15
🇬🇧 Saxons · United Kingdom
1133
+27
🇹🇷 Franks · Türkiye
1130
+17
🇲🇽 Italians · Mexico
1118
+17
🇨🇴 Spanish · Colombia
1190
-17
🇦🇷 Khmer · Argentina
1155
-17
🇨🇱 Malay · Chile
1137
-16
🇦🇷 Franks · Argentina
1133
-16
Monotributista Furioso
12:29 Feudal Age
15:27 Castle Age
13:31 Double-Bit Axe
13:55 Horse Collar
16:02 Loom
16:21 Heavy Plow
16:34 Bow Saw
23:17 Fortified Wall
28:36 Imperial Age
35:11 Fletching
36:01 Padded Archer Armor
36:52 Wheelbarrow
38:12 Town Watch
danmen2001
11:02 Feudal Age
12:18 Loom
15:26 Castle Age
14:08 Double-Bit Axe
17:28 Bow Saw
17:14 Town Watch
17:50 Horse Collar
22:52 Wheelbarrow
24:45 Gold Mining
25:36 Padded Archer Armor
25:27 Fletching
25:45 Heavy Plow
29:51 Imperial Age
27:59 Hand Cart
28:37 Stone Mining
29:15 Bloodlines
29:05 Husbandry
29:31 Leather Archer Armor
33:34 Ballistics
34:15 Chemistry
33:37 Ballistics
32:40 Elite Skirmisher
34:55 Light Cavalry
36:22 Conscription
36:17 Bodkin Arrow
36:52 Ring Archer Armor
36:28 Scale Barding Armor
37:46 Town Patrol
40:48 Thumb Ring
42:27 Masonry
42:08 Guard Tower
42:00 Hussar
43:06 Chain Barding Armor
42:47 Bracer
42:58 Forging
45:30 Devotion
45:54 Sanctity
46:54 Plate Barding Armor
46:55 Iron Casting
PiesLigeros
12:09 Feudal Age
13:11 Double-Bit Axe
15:55 Castle Age
16:14 Bow Saw
17:25 Loom
20:25 Wheelbarrow
20:04 Town Watch
20:30 Horse Collar
22:08 Hand Cart
22:30 Heavy Plow
29:04 Imperial Age
28:24 Elite Battle Elephant
29:05 Husbandry
30:07 Scale Barding Armor
31:47 Fletching
34:10 Forging
35:44 Iron Casting
34:38 Elite Skirmisher
38:13 Conscription
38:49 Bodkin Arrow
39:55 Blast Furnace
38:58 Padded Archer Armor
39:45 Masonry
40:39 Chemistry
44:17 Leather Archer Armor
Bioshock
12:02 Feudal Age
15:47 Castle Age
13:50 Double-Bit Axe
18:21 Wheelbarrow
20:43 Loom
22:31 Hand Cart
23:19 Loom
24:54 Bow Saw
24:37 Gold Mining
29:17 Imperial Age
27:43 Town Watch
28:12 Forging
28:08 Scale Barding Armor
28:45 Gold Shaft Mining
28:50 Husbandry
28:46 Stone Mining
29:19 Cavalier
31:59 Iron Casting
31:45 Chain Barding Armor
31:30 Town Patrol
33:50 Blast Furnace
32:39 Paladin
34:27 Fletching
35:16 Plate Barding Armor
34:32 Fletching
35:34 Conscription
37:04 Chivalry
37:44 Ballistics
38:25 Chemistry
37:16 Light Cavalry
39:45 Fortified Wall
39:32 Murder Holes
39:49 Masonry
39:47 Siege Engineers
42:18 Pikeman
42:59 Squires
42:46 Arson
42:53 Halberdier
43:54 Scale Mail Armor
43:50 Bodkin Arrow
Sonaron Disparos
10:02 Feudal Age
12:02 Double-Bit Axe
14:26 Castle Age
15:35 Bow Saw
15:06 Horse Collar
24:46 Heavy Plow
25:13 Gold Mining
26:21 Loom
26:35 Fletching
30:38 Imperial Age
28:19 Padded Archer Armor
29:04 Bodkin Arrow
30:23 Leather Archer Armor
31:51 Bloodlines
31:26 Elite Genoese Crossbowman
32:54 Ballistics
32:51 Bracer
34:01 Ring Archer Armor
35:40 Chemistry
35:27 Coinage
35:59 Two-Man Saw
34:29 Light Cavalry
35:21 Forging
35:48 Hussar
39:03 Iron Casting
38:34 Scale Barding Armor
39:02 Husbandry
39:47 Chain Barding Armor
logibll777
10:34 Feudal Age
10:51 Feudal Age
14:42 Castle Age
12:56 Double-Bit Axe
15:04 Gold Mining
16:16 Bow Saw
17:33 Loom
21:18 Wheelbarrow
21:37 Town Watch
23:27 Hand Cart
28:12 Imperial Age
26:17 Scale Barding Armor
27:32 Forging
27:44 Chain Barding Armor
27:44 Husbandry
27:38 Fletching
27:46 Murder Holes
29:24 Gold Shaft Mining
28:24 Cavalier
30:23 Conscription
31:10 Iron Casting
31:12 Plate Barding Armor
31:39 Chivalry
31:50 Stone Mining
32:15 Paladin
35:55 Siege Engineers
41:31 Chemistry
40:52 Ballistics
43:14 Blast Furnace
Necrocat219
10:50 Feudal Age
11:51 Double-Bit Axe
12:02 Gold Mining
16:24 Castle Age
14:52 Horse Collar
18:35 Wheelbarrow
17:46 Town Watch
18:45 Bow Saw
20:07 Heavy Plow
23:46 Hand Cart
24:13 Loom
24:28 Stone Mining
30:06 Imperial Age
29:12 Fletching
29:22 Padded Archer Armor
32:07 Leather Archer Armor
31:48 Bodkin Arrow
32:17 Ballistics
32:59 Chemistry
32:13 Masonry
32:13 Elite Skirmisher
32:59 Thumb Ring
34:23 Bracer
34:54 Ring Archer Armor
33:50 Crossbowman
35:22 Murder Holes
35:57 Arbalester
TheEel
2:08 Loom
10:30 Feudal Age
11:57 Double-Bit Axe
12:19 Loom
14:56 Castle Age
13:21 Loom
16:30 Bow Saw
16:40 Fervor
19:04 Horse Collar
19:49 Redemption
21:29 Sanctity
23:44 Wheelbarrow
25:53 Heavy Plow
30:23 Imperial Age
30:15 Chemistry
31:20 Hussite Reforms
31:37 Conscription
31:19 Fletching
33:37 Theocracy
33:32 Illumination
33:39 Illumination
33:38 Block Printing
34:53 Atonement
38:11 Hand Cart
40:40 Masonry
40:41 Houfnice
41:48 Wagenburg Tactics
44:24 Coinage
46:13 Siege Engineers
Connection lost

Rejoining the realm…

Still unreachable

The connection could not be restored.

Session expired

The server has moved on; the page needs a fresh start.